 Dungeon Crawl Stone Soup version 0.17-a0-2073-gde5cdba (webtiles) character file.

120 ololoev the Chopper (level 5, 21/47 HPs)
             Began as a Hill Orc Berserker on Oct 15, 2015.
             Was a Follower of Trog.
             Quit the game on level 2 of the Dungeon.
             The game lasted 00:01:53 (240 turns).

ololoev the Chopper (Hill Orc Berserker)             Turns: 240, Time: 00:01:54

Health: 21/47      AC:  2    Str: 21    XL:     5   Next: 4%
Magic:  5/5        EV: 12    Int:  7    God:    Trog [*.....]
Gold:   36         SH:  0    Dex: 10    Spells: 0 memorised, 4 levels left

rFire  . . .     SeeInvis .     l - +0 flail (curse)
rCold  . . .     Clarity  .     b - +0 animal skin
rNeg   . . .     SustAt   .     (no shield)
rPois  .         Gourm    .     (no helmet)
rElec  .         Spirit   .     (no cloak)
rCorr  .         Warding  .     (no gloves)
rMut   .         Stasis   .     (no boots)
MR     .....                    (no amulet)
Stlth  +.........               (no ring)
                                (no ring)

@: not resistant to hostile enchantments, very unstealthy
A: no striking features
a: Burn Spellbooks, Berserk, Renounce Religion

Inventory:

Hand Weapons
 a - a +0 hand axe
 l - a cursed +0 flail (weapon)
Armour
 b - a +0 animal skin (worn)
Wands
 h - a wand of polymorph (1)
Scrolls
 e - a scroll of fear {unknown}
Potions
 d - a potion of flight {unknown}
 f - a potion of heal wounds {unknown}
 i - a potion of cancellation {unknown}
 j - a potion of curing {unknown}
Comestibles
 c - 2 bread rations
 g - 4 chunks of flesh
 k - a beef jerky


   Skills:
 + Level 4.5 Fighting
 * Level 5.9 Axes
 + Level 3.3 Armour
 - Level 1.5 Dodging


You had 4 spell levels left.
You didn't know any spells.


You were on level 2 of the Dungeon.
You worshipped Trog.
Trog was aware of your devotion.
You were not hungry.

You visited 1 branch of the dungeon, and saw 2 of its levels.

You collected 36 gold pieces.

# # # ######### ### #
#....... .. #
#......####### #. #
#[......... ...#.#####
#.......######.#......
#....@..............g.
#............#....####
+........###.####.####
#.......>.......).....
#####+######..).#.####
#....#.# #....#.#
#....#.# ......#.#

Notes
Turn   | Place    | Note
--------------------------------------------------------------
     0 | D:1      | ololoev the Hill Orc Berserker began the quest for the Orb.
     0 | D:1      | Reached XP level 1. HP: 19/19 MP: 1/1
    51 | D:2      | Reached XP level 2. HP: 24/27 MP: 2/2
    74 | D:2      | Found a shimmering altar of Xom.
   109 | D:2      | Noticed a swamp drake
   109 | D:2      | a worm changed into a swamp drake
   114 | D:2      | Killed a swamp drake
   114 | D:2      | Reached skill level 5 in Axes
   114 | D:2      | Reached XP level 3. HP: 7/34 MP: 3/3
   114 | D:2      | Reached XP level 4. HP: 8/41 MP: 4/4
   204 | D:2      | Reached XP level 5. HP: 21/47 MP: 5/5
   240 | D:2      | Quit the game

Dungeon Overview and Level Annotations

Branches:
Dungeon (2/15)

Altars:
Xom


Message History

Trog accepts your kill.
Things that are here:
a club; a hobgoblin corpse You butcher the hobgoblin corpse.
You enjoyed that.
g - 5 chunks of flesh (gained 3)
You see here a club.
You feel a strong urge to attack something.
You feel your anger subside.
You are no longer berserk.
You are exhausted.
You feel yourself slow down.
You are feeling hungry.
Eat one of 5 chunks of flesh? (ye/n/q/i?) This raw flesh tastes terrible.
You continue eating. x2
Wield which item (- for none, * to show all)? (? for menu, Esc to quit)
f - a dark potion (in hand)
You swing at nothing.
You swing at nothing.
You swing at nothing.
You swing at nothing.
You swing at nothing.
You swing at nothing.
You swing at nothing.
You swing at nothing.
You feel yourself speed up.
a - a +0 hand axe (weapon)
Found a glowing flail.
Found a beef jerky and a ring mail.
j - an orange potion
k - a beef jerky You feel less exhausted.
You see here a glowing flail.
l - a glowing flail Wield which item (- for none, * to show all)? (? for menu, Esc to quit)
It sticks to your hand!
l - a cursed +0 flail (weapon)
Drop what? 12/52 slots (_ for help) (? for menu, Esc to quit)
Okay, then.
Are you sure you want to abandon this character and quit the game? (Confirm with "yes".)

There were no monsters in sight!

Vanquished Creatures
  A swamp drake (D:2)
  An adder (D:2)
  A worm (D:2)
  2 hobgoblins (D:2)
  A goblin (D:2)
6 creatures vanquished.

Action                   |  1- 3 |  4- 6 || total
-------------------------+-------+-------++-------
Melee: Hand axe          |     8 |     4 ||    12
Invok: Berserk           |     2 |     1 ||     3
Evoke: Wand              |     4 |       ||     4
  Eat: Chunk             |       |     1 ||     1

Vault maps used:
D:1:      dpeg_arrival_simpleton_a
D:2:      fedhas_altar_4, xom_butterflies
